 Dungeon Crawl Stone Soup version 0.18.1-5-g4a78601 (webtiles) character file.

2140 shmeve the Blocker (level 9, 0/81 HPs)
             Began as a Minotaur Fighter on May 11, 2016.
             Slain by a giant frog (1 damage)
             ... on level 6 of the Dungeon.
             The game lasted 00:10:19 (5140 turns).

shmeve the Blocker (Minotaur Fighter)               Turns: 5140, Time: 00:10:19

Health: 0/81       AC: 10    Str: 28    XL:     9   Next: 9%
Magic:  8/8        EV:  8    Int:  8    God:
Gold:   294        SH: 11    Dex:  7    Spells: 0 memorised, 8 levels left

rFire  . . .     SeeInvis .     B - +3 war axe of the Heavens {chop, rC++ Str+4 Int+3 Dex-3}
rCold  + + .     Gourm    .     h - +0 chain mail
rNeg   . . .     Faith    .     c - +0 shield
rPois  .         Spirit   .     (helmet restricted)
rElec  .         Dismiss  .     (no cloak)
rCorr  .         Reflect  .     (no gloves)
SustAt .         Harm     .     (no boots)
MR     +....                    (no amulet)
Stlth  ..........               (no ring)
                                r - ring of protection from magic

@: somewhat resistant to hostile enchantments, extremely unstealthy
A: retaliatory headbutt, horns 2
a: no special abilities


You were on level 6 of the Dungeon.
You were hungry.

You visited 1 branch of the dungeon, and saw 6 of its levels.

You collected 294 gold pieces.

Inventory:

Hand Weapons
 B - the +3 war axe of the Heavens (weapon) {chop, rC++ Str+4 Int+3 Dex-3}
   (You found it on level 5 of the Dungeon)

   It inflicts extra damage upon your enemies.
   It affects your strength (+4).
   It affects your intelligence (+3).
   It affects your dexterity (-3).
   It greatly protects you from cold.
Armour
 c - a +0 shield (worn)
 h - a +0 chain mail (worn)
Jewellery
 r - a ring of protection from magic (left hand)
Wands
 a - a wand of random effects (18/48)
Scrolls
 e - 4 scrolls of recharging {unknown}
 g - 3 scrolls of blinking {unknown}
 i - a scroll of amnesia {unknown}
 j - 4 scrolls of teleportation {unknown}
 l - 2 scrolls of remove curse {unknown}
 m - a scroll of magic mapping {unknown}
 n - a scroll of random uselessness {unknown}
 p - 4 scrolls of identify {unknown}
 t - a scroll of enchant weapon {unknown}
 w - a scroll of enchant armour {unknown}
 y - a scroll of immolation {unknown}
 A - 2 scrolls of noise {unknown}
Potions
 b - 2 potions of mutation {unknown}
 d - 2 potions of might
 k - a potion of haste
 o - a potion of cure mutation {unknown}
 s - 2 potions of agility {unknown}
 v - a potion of degeneration {unknown}
 x - a potion of lignification {unknown}
 z - 2 potions of heal wounds {unknown}
Books
 E - a book of Debilitation

   Spells                             Type                      Level
   a - Corona                         Hexes                        1
   b - Slow                           Hexes                        2
   c - Gell's Gravitas                Hexes/Translocation          3
   d - Inner Flame                    Hexes/Fire                   3
   e - Cause Fear                     Hexes                        4
   f - Leda's Liquefaction            Hexes/Earth                  4
Comestibles
 f - 5 bread rations
 q - 2 beef jerkies
 u - 3 meat rations
 C - a royal jelly
 D - a slice of pizza


   Skills:
 * Level 7.9 Fighting
 * Level 7.6 Axes
 + Level 6.0 Armour
 + Level 4.3 Dodging
 * Level 8.3 Shields


You had 8 spell levels left.
You didn't know any spells.

Dungeon Overview and Level Annotations

Branches:
Dungeon (6/15)
 Temple: D:4-7

Altars:
Cheibriados
Makhleb
Nemelex Xobeh
Okawaru
Qazlal
Ru


Innate Abilities, Weirdness & Mutations

You reflexively headbutt those who attack you in melee.
You have a pair of horns on your head.


Message History

Your base Armour skill increases to level 6!
Your life force feels restored.
You slash the ogre!
You kill the ogre!
The giant frog hits you but does no damage.
You hit the giant frog.
The giant frog is moderately wounded.
You block the giant frog's attack. The giant frog barely misses you.
A giant gecko comes into view.
You are feeling hungry.
You miss the giant frog.
The giant frog is moderately wounded.
You block the giant frog's attack.
The giant frog hits you but does no damage.
You closely miss the giant frog.
The giant frog is moderately wounded.
The giant frog hits you.
* * * LOW HITPOINT WARNING * * *
The giant frog hits you.
You die...

.... ###### .... ##.....
...##########......
#.................
#................
##########...............
#.......@>...............
.......)F)...).(((.......
.............####........
..............# #........
.....l<.......# ##.......
..............# ###....#
...............# ###.##
...............# #..#
...............# ##..


You could see a giant frog and a giant gecko.

Vanquished Creatures
  Pikel (D:5)
  A sky beast (D:5)
  4 ogres
  2 phantoms
  A slave (D:5)
  2 centaurs
  A water moccasin skeleton (D:6)
  A scorpion (D:4)
  3 wights (D:6)
  A wasp zombie (D:6)
  2 hounds (D:4)
  An orc priest (D:4)
  Ijyb (D:3)
  A centaur skeleton (D:4)
  4 orc wizards
  3 worker ants
  2 hound skeletons
  4 gnolls
  2 worker ant zombies (D:5)
  9 adders
  An ooze (D:2)
  An adder zombie (D:5)
  8 worms
  4 dart slugs
  4 giant geckos
  15 orcs
  3 ball pythons
  9 bats
  7 giant cockroaches
  6 goblins
  7 hobgoblins
  3 jackals
  10 kobolds
  4 quokkas
  5 giant newts
  10 rats
143 creatures vanquished.

Vanquished Creatures (others)
  A slave (D:5)
  An orc (D:5)
  A jackal (D:5)
3 creatures vanquished.

Grand Total: 146 creatures vanquished

Notes
Turn   | Place    | Note
--------------------------------------------------------------
     0 | D:1      | shmeve the Minotaur Fighter began the quest for the Orb.
     0 | D:1      | Reached XP level 1. HP: 19/19 MP: 0/0
   268 | D:1      | Reached XP level 2. HP: 23/27 MP: 1/1
   798 | D:2      | Reached skill level 4 in Shields
   839 | D:2      | Reached XP level 3. HP: 22/33 MP: 2/2
  1137 | D:2      | Reached skill level 1 in Dodging
  1309 | D:2      | Found a sacrificial altar of Ru.
  1319 | D:2      | Reached XP level 4. HP: 41/41 MP: 3/3
  1582 | D:2      | Reached XP level 5. HP: 45/47 MP: 4/4
  2080 | D:3      | Found a sparkling altar of Nemelex Xobeh.
  2201 | D:3      | Noticed Ijyb
  2214 | D:3      | Killed Ijyb
  2214 | D:3      | Reached skill level 5 in Fighting
  2306 | D:3      | Reached skill level 5 in Shields
  2351 | D:3      | Found a faded altar to an unknown god.
  2683 | D:4      | Noticed a phantom
  2690 | D:4      | Reached XP level 6. HP: 35/56 MP: 5/5
  2908 | D:4      | Found a snail-covered altar of Cheibriados.
  3003 | D:4      | Reached XP level 7. HP: 35/61 MP: 6/6
  3016 | D:4      | Reached skill level 6 in Shields
  3200 | D:4      | Reached skill level 5 in Axes
  3802 | D:5      | Entered Level 5 of the Dungeon
  3907 | D:5      | Noticed Pikel
  3925 | D:5      | Killed Pikel
  3925 | D:5      | Reached skill level 5 in Armour
  3925 | D:5      | Reached skill level 7 in Shields
  3925 | D:5      | Reached XP level 8. HP: 47/71 MP: 7/7
  4449 | D:5      | Got an ivory war axe
  4455 | D:5      | Identified the +3 war axe of the Heavens {chop, rC++ Str+4 Int+3 Dex-3} (You found it on level 5 of the Dungeon)
  4611 | D:5      | Found an iron altar of Okawaru.
  4952 | D:6      | Found a stormy altar of Qazlal.
  4966 | D:6      | Found a burning altar of Makhleb.
  5123 | D:6      | Reached skill level 8 in Shields
  5133 | D:6      | Reached XP level 9. HP: 66/81 MP: 8/8
  5140 | D:6      | HP: 1/81 [giant frog (5)]
  5140 | D:6      | Slain by a giant frog

Skill      XL: |  1  2  3  4  5  6  7  8  9 |
---------------+----------------------------+-----
Shields        | 4 5 7 8 |  8.3
Fighting       | 4 5 6 7 |  7.9
Axes           | 3 4 6 7 |  7.6
Dodging        | 1 2 3 4 |  4.3
Armour         | 4 5 6 |  6.0

Action                   |  1- 3 |  4- 6 |  7- 9 || total
-------------------------+-------+-------+-------++-------
Melee: War axe           |    90 |   165 |   163 ||   418
       Headbutt          |    16 |    27 |    22 ||    65
 Stab: Paralysed         |       |     1 |       ||     1
  Eat: Chunk             |     1 |     6 |     7 ||    14
Armor: Chain mail        |    42 |   136 |    71 ||   249
       Scale mail        |     2 |       |       ||     2
Dodge: Dodged            |    21 |    60 |    63 ||   144
Block: Shield            |    45 |   115 |   103 ||   263
